 Dungeon Crawl Stone Soup version 0.22-a0-78-g0f8607c (webtiles) character file.

4 shenanigans the Charmwright (level 1, 0/17 HPs)
             Began as a Barachi Skald on Jan 15, 2018.
             Slain by a kobold
             ... wielding a +1 whip of electrocution
              (10 damage)
             ... on level 1 of the Dungeon.
             The game lasted 00:00:33 (84 turns).

shenanigans the Charmwright (Barachi Skald)           Turns: 84, Time: 00:00:35

Health: 0/17       AC:  4    Str: 12    XL:     1   Next: 70%
Magic:  3/3        EV: 12    Int: 13    God:
Gold:   12         SH:  0    Dex: 11    Spells: 3/4 levels left

rFire    . . .     SeeInvis .   a - +0 falchion
rCold    . . .     Gourm    .   (no shield)
rNeg     . . .     Faith    .   b - +0 leather armour
rPois    .         Spirit   .   (no helmet)
rElec    .         Reflect  .   (no cloak)
rCorr    .         Harm     .   f - +0 pair of gloves
MR       .....                  (no boots)
Stlth    +.........             (no amulet)
HPRegen  0.05/turn              (no ring)
MPRegen  0.08/turn              (no ring)

@: slow
A: +LOS, swims, slowness 1, strong legs 1
a: Hop


You were on level 1 of the Dungeon.
You were not hungry.

You visited 1 branch of the dungeon, and saw 1 of its levels.

You collected 12 gold pieces.

Inventory:

Hand Weapons
 a - a +0 falchion (weapon)
Armour
 b - a +0 leather armour (worn)
 f - a +0 pair of gloves (worn)
Scrolls
 e - a scroll of identify {unknown}
Books
 c - a book of Battle

   Spells                             Type                      Level
   a - Infusion                       Charms                       1
   b - Shroud of Golubria             Charms/Translocation         2
   c - Song of Slaying                Charms                       2
   d - Spectral Weapon                Hexes/Charms                 3
   e - Regeneration                   Charms/Necromancy            3
Comestibles
 d - a ration


   Skills:
 + Level 2.5 Fighting
 + Level 2.5 Long Blades
 + Level 1.4 Armour
 + Level 2.3 Dodging
 - Level 2.1 Spellcasting
 - Level 3.2 Charms


You had 3 spell levels left.
You knew the following spells:

 Your Spells              Type           Power        Failure   Level  Hunger
a - Infusion              Chrm           #...         9%          1    ##.....


Dungeon Overview and Level Annotations

Branches:
Dungeon (1/15)

Altars:


Innate Abilities, Weirdness & Mutations

Shadows flee at your approach. (+LOS)
You can swim through water.
You cover ground slowly.
You can hop short distances.


Message History

You start putting on your armour.
You continue putting on your pair of gloves. x4
You finish putting on your +0 pair of gloves.
A kobold comes into view. It is wielding a whip of electrocution.
The kobold shouts!
The kobold throws a stone.
The stone hits you but does no damage.
You see here a stone.
A goblin comes into view. It is wielding a dagger.
The goblin shouts!
The kobold throws a stone.
The stone misses you.
The kobold throws a stone.
The stone hits you but does no damage.
The kobold throws a stone.
The stone barely misses you.
Found a ruby potion.
You see here a stone.
You hit the kobold.
The kobold is severely wounded.
The kobold hits you with a whip of electrocution.
You are electrocuted!
Ouch! That really hurt!
You die...

.... .###
....########.!.#..
..................#
..................#
................#
#..............#
#..............#
#...K..........#
#....@g........#
#.....(........#
#######.#######
#...###
#...#(..####
#....#####(...###
..### ####...## .#
### ###..# ##>##
##'##


You could see a goblin and a kobold.

Vanquished Creatures
  2 bats (D:1)
  3 rats (D:1)
5 creatures vanquished.

Notes
Turn   | Place    | Note
-------+----------+-------------------------------------------
     0 | D:1      | shenanigans the Barachi Skald began the quest for the Orb.
     0 | D:1      | Reached XP level 1. HP: 17/17 MP: 3/3
    84 | D:1      | Slain by a kobold

Vault maps used:
D:1:      minmay_arrival_split_and_join, minmay_circled_x

Action                   || total
-------------------------++-------
Melee: Falchion          ||    12
Armor: Leather armour    ||    10
Dodge: Dodged            ||    19
       Rpst.: Falchion   ||     5

Table legend:
 A = Spawn XP
 B = Non-spawn XP
 C = Spawn XP percentage of total XP
 D = Spawn monster count
 E = Non-spawn monster count
 F = Spawn count percentage of total count
 G = Total turns spent on level
                    A         B        C        D         E        F      G
               +---------+---------+-------+---------+---------+-------+---------
         Total |       0 |       7 |   0.0 |       0 |       5 |   0.0 |    84
               +---------+---------+-------+---------+---------+-------+---------
           D:1 |       0 |       7 |   0.0 |       0 |       5 |   0.0 |    84
               +---------+---------+-------+---------+---------+-------+---------
